AoeStats
← ccereal

Lombardia

510077933Analyzed
2v2 RM · 3d ago on Sep 29, 2026· 51m 13s· 4 players
Game mode
Random Map
Map size
Medium (4 player)
Population
200
Speed
Normal
Resources
Standard
Victory
Conquest
Starting age
Dark Age
Ending age
Imperial Age
RankedLock teamsTeams togetherTeam positionsShared explorationLock speedFull tech treeHidden civsTurbo modeCheats
Victory
Defeat
🇨🇿 Georgians · Czechia
1567
+17
🇨🇿 Romans · Czechia
1567
+17
🇫🇷 Jurchens · France
1624
-19
🇫🇷 Poles · France
1546
-15
xberny
4:53 Loom
10:03 Feudal Age
13:44 Double-Bit Axe
14:39 Scale Barding Armor
19:49 Horse Collar
24:28 Castle Age
23:32 Forging
23:57 Bloodlines
25:30 Chain Barding Armor
26:22 Bow Saw
26:35 Heavy Plow
29:35 Iron Casting
29:35 Husbandry
44:34 Imperial Age
42:49 Ballistics
42:19 Fletching
44:31 Wheelbarrow
43:42 Town Watch
45:52 Plate Barding Armor
44:53 Cavalier
47:04 Blast Furnace
48:25 Hand Cart
49:19 Gold Mining
49:37 Caravan
51:07 Crop Rotation
50:31 Stone Mining
GoPlayTetris
7:05 Loom
9:33 Feudal Age
14:58 Castle Age
13:32 Double-Bit Axe
15:08 Scale Barding Armor
15:26 Bloodlines
19:15 Husbandry
20:18 Bloodlines
23:21 Chain Barding Armor
25:34 Horse Collar
30:44 Bow Saw
36:42 Heavy Plow
37:50 Forging
39:15 Wheelbarrow
40:10 Iron Casting
43:31 Imperial Age
41:40 Gold Mining
41:43 Stone Mining
43:48 Hand Cart
44:33 Gold Shaft Mining
44:07 Cavalier
46:02 Padded Archer Armor
46:39 Plate Barding Armor
47:17 Town Watch
ccereal
5:41 Loom
8:19 Feudal Age
8:57 Double-Bit Axe
16:16 Forging
17:16 Scale Barding Armor
18:34 Wheelbarrow
18:48 Bloodlines
22:35 Castle Age
23:43 Bow Saw
24:19 Husbandry
25:37 Gold Mining
25:29 Horse Collar
25:25 Light Cavalry
29:12 Chain Barding Armor
32:16 Iron Casting
37:19 Town Watch
49:57 Imperial Age
47:52 Heavy Plow
51:30 Plate Barding Armor
Flybidi
6:03 Loom
8:54 Feudal Age
13:15 Fletching
23:49 Castle Age
23:39 Double-Bit Axe
23:49 Crossbowman
24:40 Bodkin Arrow
27:35 Thumb Ring
27:42 Padded Archer Armor
32:49 Ballistics
37:19 Wheelbarrow
39:42 Horse Collar
45:38 Imperial Age
45:22 Hand Cart
45:18 Bow Saw
46:16 Arbalester
47:07 Bracer
48:48 Chemistry
49:28 Scale Mail Armor
49:39 Forging
Connection lost

Rejoining the realm…

Still unreachable

The connection could not be restored.

Session expired

The server has moved on; the page needs a fresh start.